 Dungeon Crawl Stone Soup version 0.25-a0-700-g7f8a7979f0 (webtiles) character file.

Game seed: 17986673204827503453, levelgen mode: deterministic

459 Esekla the Skirmisher (level 7, -9/59 HPs)
             Began as a Gnoll Abyssal Knight on Apr 2, 2020.
             Was a Priest of Lugonu.
             Mangled by an ogre
             ... wielding a +0 giant club
              (25 damage)
             ... on level 5 of the Dungeon.
             The game lasted 00:21:35 (3485 turns).

Esekla the Skirmisher (Gnoll Abyssal Knight)        Turns: 3485, Time: 00:21:35

Health: -9/59      AC: 11    Str: 15    XL:     7   Next: 6%
Magic:  19/19      EV:  8    Int: 15    God:    Lugonu [***...]
Gold:   160        SH:  4    Dex: 15    Spells: 10/10 levels left

rFire    . . .     SeeInvis .   a - +1 falchion
rCold    . . .     Gourm    .   k - +0 buckler
rNeg     . . .     Faith    .   i - +0 chain mail
rPois    .         Spirit   .   m - +0 helmet
rElec    .         Reflect  .   (no cloak)
rCorr    .         Harm     .   (no gloves)
MR       .....                  (no boots)
Stlth    ..........             (no amulet)
HPRegen  0.19/turn              d - ring of magical power
MPRegen  0.16/turn              (no ring)

@: no status effects
A: distributed training, fangs 1, strong nose
a: Depart the Abyss, Bend Space, Banish, Renounce Religion


You were on level 5 of the Dungeon.
You worshipped Lugonu.
Lugonu was most pleased with you.
You were hungry.

You visited 1 branch of the dungeon, and saw 6 of its levels.
You visited the Abyss 1 time.

You collected 160 gold pieces.

Inventory:

Hand Weapons
 a - a +1 falchion (weapon)
Armour
 b - a +0 leather armour
 i - a +0 chain mail (worn)
 k - a +0 buckler (worn)
 m - a +0 helmet (worn)
Jewellery
 d - a ring of magical power (left hand)
Wands
 p - a wand of enslavement (7)
Scrolls
 g - 2 scrolls of enchant armour {unknown}
 h - 2 scrolls of remove curse {unknown}
 j - a scroll of identify
 l - a scroll of blinking {unknown}
 n - a scroll of immolation {unknown}
 o - 3 scrolls of fear {unknown}
 q - a scroll of magic mapping {unknown}
 t - 3 scrolls of random uselessness {unknown}
Potions
 e - a potion of brilliance
 f - 2 potions of flight
 r - a potion of invisibility {unknown}
 s - 3 potions of stabbing
 u - a potion of lignification {unknown}
Comestibles
 c - 10 rations
 v - a chunk of flesh


   Skills:
 + Level 6.9 Fighting
 + Level 2.2 Short Blades
 + Level 5.1 Long Blades
 + Level 2.2 Axes
 + Level 2.2 Maces & Flails
 + Level 2.2 Polearms
 + Level 2.2 Staves
 + Level 2.2 Slings
 + Level 2.2 Bows
 + Level 2.2 Crossbows
 + Level 2.2 Throwing
 + Level 5.1 Armour
 + Level 3.4 Dodging
 + Level 2.2 Stealth
 + Level 2.2 Shields
 + Level 2.2 Unarmed Combat
 + Level 2.2 Spellcasting
 + Level 1.7 Conjurations
 + Level 1.7 Hexes
 + Level 1.7 Charms
 + Level 1.7 Summonings
 + Level 1.7 Necromancy
 + Level 1.7 Translocations
 + Level 1.7 Transmutations
 + Level 1.7 Fire Magic
 + Level 1.7 Ice Magic
 + Level 1.7 Air Magic
 + Level 1.7 Earth Magic
 + Level 1.7 Poison Magic
 + Level 5.2 Invocations
 + Level 2.2 Evocations


You had 10 spell levels left.
You didn't know any spells.
Your spell library was empty.

Dungeon Overview and Level Annotations

Branches:
Dungeon (6/15)
 Temple: D:4-7

Altars:
Ashenzari
Cheibriados
Elyvilon
Kikubaaqudgha
Ru
Sif Muna
Wu Jian
Yredelemnul

Shops:
D:4 =

Annotations:
D:5 2 transporters
D:6 Blork the orc


Innate Abilities, Weirdness & Mutations

Your experience applies equally to all skills.
You have very sharp teeth.
Your uncanny sense of smell can sniff out nearby items.


Message History

The ogre hits you with a +0 giant club!!
You hit the ogre.
The ogre is heavily wounded.
The ogre closely misses you.
You hit the ogre. You bite the ogre, but do no damage.
The ogre is severely wounded.
The ogre hits you but does no damage.
You completely miss the ogre.
The ogre is severely wounded.
You hit the ogre.
The ogre is almost dead.
The ogre hits you with a +0 giant club!
* * * LOW HITPOINT WARNING * * *
You completely miss the ogre.
The ogre is almost dead.
You block the ogre's attack.
You hit the ogre but do no damage.
The ogre is almost dead.
The ogre hits you with a +0 giant club!!
You die...

#########
#.......#
#.....###
#...######
#........#####..
##.@O...........
#######........
####...####...
###......# .
#........#
##....
##.......##
##.....
#........#
#......
#........#
##......
#........#
#.......


You could see an ogre.

Vanquished Creatures
  Menkaure (D:3)
  A howler monkey (D:4)
  A bullfrog zombie (D:2)
  An orc wizard (D:3)
  A centaur skeleton (D:3)
  A hound (D:3)
  A worker ant (D:4)
  Robin (D:2)
  4 adders
  An ooze (D:3)
  2 worms (D:2)
  A leopard gecko (D:5)
  8 orcs
  4 giant cockroaches
  15 hobgoblins
  7 jackals
  3 quokkas
  6 bats
  6 frilled lizards
  12 goblins
  8 kobolds
  A leopard gecko skeleton (D:4)
  7 rats
93 creatures vanquished.

Notes
Turn   | Place    | Note
-------+----------+-------------------------------------------
     0 | Abyss:1  | Esekla the Gnoll Abyssal Knight began the quest for the
                  | Orb.
     0 | Abyss:1  | Reached XP level 1. HP: 23/23 MP: 3/3
    38 | Abyss:1  | Noticed a smoke demon
    41 | Abyss:1  | Noticed a large abomination
    43 | D:1      | Escaped the Abyss
   160 | D:1      | Reached * piety under Lugonu
   163 | D:1      | Reached XP level 2. HP: 29/29 MP: 5/5
   420 | D:2      | Reached XP level 3. HP: 35/35 MP: 6/6
   486 | D:2      | Noticed Robin
   511 | D:2      | Reached ** piety under Lugonu
   516 | D:2      | Killed Robin
   523 | D:2      | Reached skill level 1 in Short Blades
   523 | D:2      | Reached skill level 1 in Axes
   523 | D:2      | Reached skill level 1 in Maces & Flails
   523 | D:2      | Reached skill level 1 in Polearms
   523 | D:2      | Reached skill level 1 in Staves
   523 | D:2      | Reached skill level 1 in Slings
   523 | D:2      | Reached skill level 1 in Bows
   523 | D:2      | Reached skill level 1 in Crossbows
   523 | D:2      | Reached skill level 1 in Throwing
   523 | D:2      | Reached skill level 1 in Stealth
   523 | D:2      | Reached skill level 1 in Shields
   523 | D:2      | Reached skill level 1 in Unarmed Combat
   523 | D:2      | Reached skill level 1 in Spellcasting
   523 | D:2      | Reached skill level 1 in Evocations
   593 | D:2      | Reached XP level 4. HP: 33/41 MP: 7/7
   603 | D:2      | Found a white marble altar of Elyvilon.
   697 | D:2      | Found a shimmering blue altar of Sif Muna.
   709 | D:2      | Reached skill level 1 in Conjurations
   709 | D:2      | Reached skill level 1 in Hexes
   709 | D:2      | Reached skill level 1 in Charms
   709 | D:2      | Reached skill level 1 in Summonings
   709 | D:2      | Reached skill level 1 in Necromancy
   709 | D:2      | Reached skill level 1 in Translocations
   709 | D:2      | Reached skill level 1 in Transmutations
   709 | D:2      | Reached skill level 1 in Fire Magic
   709 | D:2      | Reached skill level 1 in Ice Magic
   709 | D:2      | Reached skill level 1 in Air Magic
   709 | D:2      | Reached skill level 1 in Earth Magic
   709 | D:2      | Reached skill level 1 in Poison Magic
   725 | D:2      | Found a shattered altar of Ashenzari.
  1186 | D:1      | Reached XP level 5. HP: 47/47 MP: 8/8
  1811 | D:2      | Found a sacrificial altar of Ru.
  2071 | D:3      | Found a snail-covered altar of Cheibriados.
  2222 | D:3      | Reached XP level 6. HP: 48/53 MP: 9/9
  2231 | D:3      | Reached skill level 5 in Invocations
  2318 | D:4      | Noticed Menkaure
  2337 | D:3      | Killed Menkaure
  2337 | D:3      | Reached skill level 5 in Long Blades
  2337 | D:3      | Reached skill level 5 in Armour
  2680 | D:4      | Found a basalt altar of Yredelemnul.
  2721 | D:4      | Noticed a sky beast
  2789 | D:4      | Found Gocku Kaxka's Jewellery Shoppe.
  2839 | D:4      | Found an ancient bone altar of Kikubaaqudgha.
  2845 | D:4      | Reached *** piety under Lugonu
  3159 | D:3      | Reached XP level 7. HP: 57/59 MP: 10/10
  3250 | D:5      | Entered Level 5 of the Dungeon
  3258 | D:5      | Found a transporter.
  3261 | D:5      | Found a transporter.
  3298 | D:5      | Found an ornate altar of the Wu Jian Council.
  3460 | D:6      | Noticed Blork the orc
  3485 | D:5      | Mangled by an ogre

Levels and vault maps discovered:
D:1:      lemuel_arrival_muddy, layout_basic, minmay_misc_feat_pillars
D:2:      layout_loops_ring, lemuel_round_altar, elyvilon_altar_5,
          overflow_temple_1_default, lemuel_doored_altar, first_ration,
          uniq_robin
D:3:      layout_basic, cheibriados_altar_1
D:4:      minmay_spotlight, layout_loops_ring, yredelemnul_altar_generic,
          kennysheep_mini_moat, minmay_temple_entry_drinking_statues,
          serial_shops, nicolae_shop_trees, uniq_menkaure
D:5:      gammafunk_wand_slinger, layout_cave_pods, kennysheep_little_box,
          st_stairs_11, abandoned_shop, minmay_misc_feat_doors, uniq_eustachio
D:6:      layout_basic, okawaru_ov_weapons_minmay, nemelex_altar_shiori,
          nicolae_overflow_crystal_walls, minivault_22, uniq_blork_the_orc

Skill      XL: |  1  2  3  4  5  6 |
---------------+-------------------+-----
Short Blades   | 1 2 |  2.2
Axes           | 1 2 |  2.2
Maces & Flails | 1 2 |  2.2
Polearms       | 1 2 |  2.2
Staves         | 1 2 |  2.2
Slings         | 1 2 |  2.2
Bows           | 1 2 |  2.2
Crossbows      | 1 2 |  2.2
Throwing       | 1 2 |  2.2
Stealth        | 1 2 |  2.2
Shields        | 1 2 |  2.2
Unarmed Combat | 1 2 |  2.2
Spellcasting   | 1 2 |  2.2
Evocations     | 1 2 |  2.2
Conjurations   | 1 |  1.7
Hexes          | 1 |  1.7
Charms         | 1 |  1.7
Summonings     | 1 |  1.7
Necromancy     | 1 |  1.7
Translocations | 1 |  1.7
Transmutations | 1 |  1.7
Fire Magic     | 1 |  1.7
Ice Magic      | 1 |  1.7
Air Magic      | 1 |  1.7
Earth Magic    | 1 |  1.7
Poison Magic   | 1 |  1.7
Dodging        | 3 |  3.4
Invocations    | 5 |  5.2
Long Blades    | 5 |  5.1
Armour         | 5 |  5.1
Fighting       | |  6.9

Action                   |  1- 3 |  4- 6 |  7- 9 || total
-------------------------+-------+-------+-------++-------
Melee: Falchion          |   120 |   209 |    21 ||   350
       Bite              |    12 |    28 |     1 ||    41
Invok: Depart the Abyss  |     1 |       |       ||     1
       Bend Space        |       |     1 |       ||     1
  Use: Scroll            |       |     4 |       ||     4
       Potion            |       |     2 |       ||     2
  Eat: Chunk             |       |     7 |     1 ||     8
Armor: Leather armour    |     2 |       |       ||     2
       Chain mail        |    49 |   121 |     7 ||   177
Dodge: Dodged            |    38 |    83 |     4 ||   125
Block: Buckler           |    15 |    25 |     6 ||    46
       Rpst.: Falchion   |    12 |    21 |       ||    33

Table legend:
 A = Non-vault XP
 B = Vault XP
 C = Vault XP percentage of total XP
 D = Non-vault monster count
 E = Vault monster count
 F = Vault count percentage of total count
                 A         B        C        D         E       F
            +---------+---------+-------+---------+---------+-------
      Total |     447 |     209 |  31.9 |      80 |      13 |  14.0
            +---------+---------+-------+---------+---------+-------
        D:1 |      26 |       0 |   0.0 |      18 |       0 |   0.0
        D:2 |     123 |      37 |  23.1 |      29 |      12 |  29.3
        D:3 |     176 |     172 |  49.4 |      21 |       1 |   4.5
        D:4 |     106 |       0 |   0.0 |      10 |       0 |   0.0
        D:5 |      16 |       0 |   0.0 |       2 |       0 |   0.0
            +---------+---------+-------+---------+---------+-------
